cohdb
Replays
Latest Replays
All Replays
Popular Replays
Top Player Replays
Match Explorer
How It Works
Community
CoH3 Stats
Reddit
Sign in to upload your games and track your stats! →
Sign in with Steam
Match 41609853
Unlisted
Match 41609853
Overview
Messages
Build Orders
End
Construct Infanterie Kompanie
Kettenkrad Recon Vehicle
MG 42 Machine Gun Team
Selects Luftwaffe Battlegroup
Selects Luftwaffe Pioneer Support
Fallschirmpioneer Squad Paradrop
Fallschirmpioneer Squad Paradrop
GrW 34 Mortar Team
Infanterie Officer Quarters
Selects Stuka Strafing Run
Construct Luftwaffe Kompanie
Selects Fallschirmjäger Squad Paradrop
Fallschirmjäger Squad Paradrop
Support Elements
Stuka Strafing Run
Selects LG40 Recoilless Gun Paradrop
Jäger Squad
Marder III M Tank Destroyer
Medical Station
Stuka Strafing Run
Rattler
ARCH4NGEL svk
Agent Smith
Robin Da Hood
mp5
Dawes
Alex Adams POV
Izalith
0
0
Comments
sign in to comment!
No comments posted yet!